 Dungeon Crawl Stone Soup version 0.23-a0-143-g1adec7b (webtiles) character file.

1005 Amnesiac the Bolt Thrower (level 8, -8/62 HPs)
             Began as a Mummy Arcane Marksman on Sept 2, 2018.
             Mangled by Eustachio
             ... wielding a +1 rapier of electrocution
              (15 damage)
             ... on level 5 of the Dungeon.
             The game lasted 00:07:55 (6207 turns).

Amnesiac the Bolt Thrower (Mummy Arcane Marksman)   Turns: 6207, Time: 00:07:56

Health: -8/62      AC:  8    Str: 16    XL:     8   Next: 0%
Magic:  10/10      EV: 10    Int: 12    God:
Gold:   239        SH:  0    Dex: 15    Spells: 8/9 levels left

rFire    x . .     SeeInvis .   b - +3 dagger (drain)
rCold    + . .     Gourm    .   (no shield)
rNeg     + + +     Faith    .   f - +0 scale mail
rPois    ∞         Spirit   .   j - +1 helmet
rElec    .         Reflect  .   (no cloak)
rCorr    .         Harm     .   (no gloves)
MR       +....                  (no boots)
Stlth    ..........             (no amulet)
HPRegen  0.20/turn              e - +3 ring of dexterity
MPRegen  0.12/turn              (no ring)

@: no status effects
A: no food or potions, fire vulnerability, cold resistance 1, negative energy
resistance 3, torment resistance, unbreathing
a: no special abilities


You were on level 5 of the Dungeon.
You were not hungry.

You visited 1 branch of the dungeon, and saw 5 of its levels.

You collected 239 gold pieces.

Inventory:

Hand Weapons
 a - a +0 hand crossbow
 b - a +3 dagger of draining (weapon)
 m - a +2 flail of crushing
Missiles
 d - 11 bolts
 g - 130 stones (quivered)
 h - 75 sling bullets
Armour
 f - a +0 scale mail (worn)
 j - a +1 helmet (worn)
Jewellery
 e - a +3 ring of dexterity (left hand)
 k - an uncursed ring of teleportation
Wands
 c - a wand of iceblast (11)
Scrolls
 i - a scroll of remove curse {!r}
 l - a scroll of teleportation {!r, unknown}
 n - 3 scrolls of amnesia {!r}
 o - 2 scrolls of fear {!r}


   Skills:
 + Level 5.2 Fighting
 * Level 6.5 Crossbows
 - Level 1.5 Dodging
 - Level 1.3 Spellcasting
 - Level 2.6 Hexes


You had 8 spell levels left.
You knew the following spells:

 Your Spells              Type           Power        Failure   Level  Hunger
a - Corona                Hex            #......      36%         1    N/A

Your spell library contained the following spells:

 Spells                   Type           Power        Failure   Level  Hunger
 Slow                     Hex            #.......     50%         2    N/A
 Inner Flame              Hex/Fire       #.......     88%         3    N/A
 Portal Projectile        Hex/Tloc       #.....       88%         3    N/A
 Cause Fear               Hex            #.........   98%         4    N/A
 Leda's Liquefaction      Hex/Erth       #.........   99%         4    N/A

Dungeon Overview and Level Annotations

Branches:
Dungeon (5/15)
 Temple: D:4-7

Altars:
Elyvilon

Annotations:
D:5 Eustachio


Innate Abilities, Weirdness & Mutations

You do not eat or drink.
Your flesh is vulnerable to fire.
You are immune to poison.
Your flesh is cold resistant. (rC+)
You are immune to negative energy. (rN+++)
You are immune to unholy pain and torment.
You can survive without breathing.


Message History

You see here a scroll of identify {!r}.
You hit Eustachio but do no damage.
Eustachio is heavily wounded.
Eustachio hits you but does no damage. The river rat bites you.
* * * LOW HITPOINT WARNING * * *
Eustachio gestures wildly while chanting.
Eustachio blinks!
The crimson imp grinds its teeth.
The crimson imp hits you but does no damage.
You swing at nothing.
The white imp gestures at you. The puff of frost hits you! You resist.
* * * LOW HITPOINT WARNING * * *
You hit Eustachio but do no damage. You drain Eustachio!
Eustachio is heavily wounded.
Eustachio closely misses you. The white imp gestures at you.
The puff of frost hits you! You resist.
* * * LOW HITPOINT WARNING * * *
Eustachio completely misses you.
The crimson imp laughs crazily.
The crimson imp blinks!
The white imp disappears in a puff of smoke!
As you open the door, it creaks loudly!
The crimson imp blinks!
There is an open door here.
You closely miss Eustachio.
Eustachio is heavily wounded.
The crimson imp disappears in a puff of smoke!
Eustachio misses you.
You hit Eustachio. You drain Eustachio!
Eustachio is severely wounded.
Eustachio barely misses you.
The crimson imp blinks!
You hit Eustachio.
Eustachio is severely wounded.
Eustachio closely misses you.
The crimson imp hits you but does no damage.
You hit Eustachio but do no damage. You drain Eustachio!
Eustachio is severely wounded.
Eustachio mumbles some strange words.
The crimson imp hits you but does no damage.
You closely miss Eustachio.
Eustachio is severely wounded.
The river rat disappears in a puff of smoke!
Eustachio hits you but does no damage.
The crimson imp laughs crazily.
The crimson imp blinks!
You closely miss Eustachio.
Eustachio is severely wounded.
The crimson imp disappears in a puff of smoke!
Eustachio hits you with a rapier of electrocution.
* * * LOW HITPOINT WARNING * * *
You miss Eustachio.
Eustachio is severely wounded.
Eustachio hits you but does no damage.
You are electrocuted!
* * * LOW HITPOINT WARNING * * *
Unknown command.
You hit Eustachio.
Eustachio is almost dead.
Eustachio screams, "At last I'll have my revenge!"
Eustachio hits you but does no damage.
You are electrocuted!
You die...

...................
#+##############......##
.......§.......'......#.
...............#......'.
...............#......#.
...............#......#.
...............#......#.
...............#......#. #....
.......@.......#......#. #....
#.#####@########......#.
#....##.###.rbr..........#####
#.........#§.r...........#....
#.........#..............#....
#.........#..............#....
#......5..#..............#....
#.......r.#..............#....
#........§#..............#....


You could see Eustachio, a river rat, a quokka, a bat and a rat.

Vanquished Creatures
  A hippogriff (D:5)
  Menkaure (D:4)
  An ogre (D:3)
  2 scorpions (D:4)
  An orc wizard (D:3)
  An orc priest (D:4)
  5 worker ants
  A hound skeleton (D:4)
  6 gnolls
  A howler monkey skeleton (D:4)
  9 adders
  2 river rats (D:3)
  3 shadow imps (D:5)
  2 worms
  6 dart slugs
  7 leopard geckos
  15 orcs
  A ball python (D:4)
  5 bats
  6 giant cockroaches
  5 goblins
  6 hobgoblins
  18 jackals
  4 kobolds
  2 quokkas (D:2)
  6 frilled lizards
  4 rats
121 creatures vanquished.

Notes
Turn   | Place    | Note
-------+----------+-------------------------------------------
     0 | D:1      | Amnesiac the Mummy Arcane Marksman began the quest for the
                  | Orb.
     0 | D:1      | Reached XP level 1. HP: 15/15 MP: 2/2
   158 | D:1      | Reached skill level 2 in Crossbows
   171 | D:1      | Reached XP level 2. HP: 21/21 MP: 4/4
   536 | D:1      | Reached XP level 3. HP: 11/27 MP: 5/5
  1832 | D:2      | Reached skill level 3 in Crossbows
  2253 | D:2      | Reached XP level 4. HP: 22/33 MP: 6/6
  2467 | D:3      | Found a white marble altar of Elyvilon.
  2955 | D:3      | Reached XP level 5. HP: 25/40 MP: 7/7
  3089 | D:3      | Reached skill level 4 in Crossbows
  3629 | D:3      | Noticed an ogre
  3645 | D:3      | Killed an ogre
  3645 | D:3      | Reached XP level 6. HP: 44/47 MP: 8/8
  4219 | D:4      | Reached skill level 5 in Crossbows
  4465 | D:4      | Reached XP level 7. HP: 53/54 MP: 9/9
  4891 | D:4      | Noticed Menkaure
  4897 | D:4      | Killed Menkaure
  5301 | D:5      | Entered Level 5 of the Dungeon
  5384 | D:5      | Reached skill level 6 in Crossbows
  5414 | D:5      | Noticed a hippogriff
  5429 | D:5      | Killed a hippogriff
  5429 | D:5      | Reached skill level 5 in Fighting
  5550 | D:5      | HP: 1/56 [something (5)]
  5584 | D:4      | HP: 2/56 [something (4)]
  6029 | D:5      | Reached XP level 8. HP: 56/62 MP: 10/10
  6161 | D:5      | Noticed Eustachio
  6207 | D:5      | Mangled by Eustachio

Vault maps used:
D:1:      evilmike_arrival_plus
D:3:      old_standard_altar, gup_sewer_entry_bubbles
D:4:      first_ration, uniq_menkaure
D:5:      uniq_eustachio

Skill      XL: |  1  2  3  4  5  6  7 |
---------------+----------------------+-----
Crossbows      | 2 3 4 5 6 |  6.5
Fighting       | 2 3 4 5 |  5.2
Dodging        | |  1.5
Spellcasting   | |  1.3
Hexes          | |  2.6

Action                   |  1- 3 |  4- 6 |  7- 9 || total
-------------------------+-------+-------+-------++-------
Melee: Whip              |    83 |       |       ||    83
       Rapier            |    13 |     4 |       ||    17
       Dagger            |       |   261 |   147 ||   408
       Flail             |       |     8 |       ||     8
 Fire: Hand crossbow     |    54 |       |     5 ||    59
  Use: Scroll            |       |     4 |     3 ||     7
Armor: Scale mail        |    62 |   113 |    74 ||   249
       Robe              |     3 |       |       ||     3
Dodge: Dodged            |    65 |   147 |    76 ||   288

Table legend:
 A = Non-vault XP
 B = Vault XP
 C = Vault XP percentage of total XP
 D = Non-vault monster count
 E = Vault monster count
 F = Vault count percentage of total count
                 A         B        C        D         E       F
            +---------+---------+-------+---------+---------+-------
      Total |    1216 |     220 |  15.3 |     114 |       7 |   5.8
            +---------+---------+-------+---------+---------+-------
        D:1 |      44 |       0 |   0.0 |      24 |       0 |   0.0
        D:2 |      68 |       0 |   0.0 |      22 |       0 |   0.0
        D:3 |     291 |      51 |  14.9 |      32 |       6 |  15.8
        D:4 |     470 |     169 |  26.4 |      29 |       1 |   3.3
        D:5 |     343 |       0 |   0.0 |       7 |       0 |   0.0
            +---------+---------+-------+---------+---------+-------
